 Dungeon Crawl Stone Soup version 0.22.1-1-ga44c0e5 (webtiles) character file.

104 Folque the Conjurer (level 4, -11/26 HPs)
             Began as a Tengu Wizard on Sept 27, 2018.
             Splashed by an orc's acid (14 damage)
             ... on level 3 of the Dungeon.
             The game lasted 00:09:54 (2360 turns).

Folque the Conjurer (Tengu Wizard)                  Turns: 2360, Time: 00:09:55

Health: -11/26     AC: -2    Str:  5 (7)  XL:     4   Next: 80%
Magic:  4/9        EV: 12    Int: 16 (19) God:
Gold:   134        SH:  0    Dex: 12 (13) Spells: 1/9 levels left

rFire    . . .     SeeInvis .   e - +0 hunting sling
rCold    . . .     Gourm    .   (no shield)
rNeg     . . .     Faith    .   g - +0 robe
rPois    .         Spirit   .   b - +0 hat
rElec    .         Reflect  .   (no cloak)
rCorr    .         Harm     .   (no gloves)
MR       .....                  (boots unavailable)
Stlth    ++........             (no amulet)
HPRegen  0.08/turn              (no ring)
MPRegen  0.11/turn              (no ring)

@: corroded, very slightly contaminated
A: beak, talons 3
a: no special abilities


You were on level 3 of the Dungeon.
You were not hungry.

You visited 1 branch of the dungeon, and saw 3 of its levels.

You collected 134 gold pieces.

Inventory:

Hand Weapons
 e - a +0 hunting sling (weapon)
 w - a +1 dagger of speed
Missiles
 f - 116 stones
 h - 11 sling bullets (quivered)
 k - 5 poisoned needles
 A - 2 javelins
Armour
 b - a +0 hat (worn)
 g - a +0 robe (worn)
Jewellery
 n - an uncursed amulet of magic regeneration {unknown}
 p - an uncursed ring of protection from magic {unknown}
 B - an uncursed ring of magical power {unknown}
Wands
 y - a wand of paralysis (9)
Scrolls
 a - a scroll of fog {unknown}
 c - 3 scrolls of enchant weapon {unknown}
 i - 3 scrolls of teleportation {unknown}
 j - 2 scrolls of immolation {unknown}
 m - 4 scrolls of remove curse {unknown}
 o - 2 scrolls of enchant armour {unknown}
 v - a scroll of fear {unknown}
 x - 2 scrolls of identify {unknown}
Potions
 q - a potion of agility {unknown}
 r - a potion of degeneration
 s - 2 potions of flight {unknown}
 t - a potion of brilliance {unknown}
 u - 2 potions of curing {unknown}
 z - 3 potions of haste {unknown}
 C - a potion of magic {unknown}
Comestibles
 d - 8 rations


   Skills:
 - Level 2.0 Fighting
 - Level 2.1 Dodging
 - Level 2.0 Stealth
 - Level 3.2 Spellcasting
 * Level 3.5 Conjurations
 + Level 1.6 Summonings
 - Level 0.7 Translocations
 - Level 2.4 Air Magic


You had one spell level left.
You knew the following spells:

 Your Spells              Type           Power        Failure   Level  Hunger
a - Magic Dart            Conj           ##..         4%          1    None
b - Call Imp              Summ           #.......     14%         2    ##.....
c - Blink                 Tloc           N/A          21%         2    ##.....
d - Mephitic Cloud        Conj/Pois/Air  #.......     24%         3    ###....

Your spell library contained the following spells:

 Spells                   Type           Power        Failure   Level  Hunger
 Conjure Flame            Conj/Fire      #.......     26%         3    ###....
 Slow                     Hex            #.......     28%         2    ##.....


Dungeon Overview and Level Annotations

Branches:
Dungeon (3/15)

Altars:


Innate Abilities, Weirdness & Mutations

You have a beak for a mouth.
You have claws for feet.


Message History

You feel weakened.
You feel dopey.
You feel clumsy. The bat barely misses you. The bat closely misses you.
Your white imp barely misses the orc priest.
The orc priest closely misses your white imp.
It was a potion of heal wounds.
You feel much better. The bat completely misses you.
Your white imp hits the orc priest but does no damage.
Firing (i - inventory. (/) - cycle)
h - 12 sling bullets (quivered)
Press: ? - help, Shift-Dir - straight line, f/p - orc priest
Aim: an orc priest, wielding a club and wearing a ring mail (moderately You shoot a sling bullet.
The sling bullet hits the orc.
The orc is almost dead.
The bat hits you but does no damage. The orc hits you with a flail!
Your white imp hits the orc priest but does no damage.
The bat closely misses you.
The orc zaps a wand.
The bolt of acid hits you!
Ouch! That really hurt!
* * * LOW HITPOINT WARNING * * *
The acid corrodes you!
You are splashed with acid!
The acid burns!
Ouch! That really hurt!
You die...

##.####.#.# ##.#
####.........# .#.
#.........#######.. ##
###.##...#....>#.... .
....###.##.#.#.#.#.# .#
##..#
#.##.#รท#.#.#.##.####.
##..# #.##.#.#.....5.<.....
.#..###.##........o)...(...
#..............b@#o...###..
).>####.##...##..####.#
...# # #.......... .# ...#
#..###...... # ...# #..
###.###.. ...# #.... ... .
..####.# ##.# #.##
#.....###.. ##.#
#..###.#.####.....


You could see an orc, a bat and a friendly white imp.

Vanquished Creatures
  2 adders
  4 oozes
  A dart slug (D:3)
  A leopard gecko (D:1)
  4 orcs (D:3)
  3 bats (D:1)
  3 giant cockroaches
  9 goblins
  2 hobgoblins (D:2)
  4 jackals
  3 frilled lizards
  8 kobolds
  A leopard gecko skeleton (D:2)
  3 rats
48 creatures vanquished.

Vanquished Creatures (collateral kills)
  2 adders
  An orc (D:3)
  2 hobgoblins (D:2)
5 creatures vanquished.

Grand Total: 53 creatures vanquished

Notes
Turn   | Place    | Note
-------+----------+-------------------------------------------
     0 | D:1      | Folque the Tengu Wizard began the quest for the Orb.
     0 | D:1      | Reached XP level 1. HP: 10/10 MP: 5/5
   133 | D:1      | Reached skill level 1 in Fighting
   133 | D:1      | Reached XP level 2. HP: 8/16 MP: 5/7
   539 | D:1      | Reached XP level 3. HP: 16/21 MP: 5/8
   548 | D:1      | Learned a level 2 spell: Call Imp
   560 | D:1      | Learned a level 2 spell: Blink
   909 | D:1      | Learned a level 3 spell: Mephitic Cloud
  1332 | D:2      | Reached skill level 1 in Air Magic
  1429 | D:2      | Reached XP level 4. HP: 26/26 MP: 9/9
  2360 | D:3      | Splashed by an orc's acid

Skill      XL: |  1  2  3  4 |
---------------+-------------+-----
Fighting       | 1 2 |  2.0
Conjurations   | 2 3 |  3.5
Air Magic      | 1 2 |  2.4
Dodging        | |  2.1
Stealth        | |  2.0
Spellcasting   | |  3.2
Summonings     | |  1.6
Translocations | |  0.7

Action                   |  1- 3 |  4- 6 || total
-------------------------+-------+-------++-------
Melee: Dagger            |    72 |    37 ||   109
       Peck              |    10 |     3 ||    13
       Kick              |     6 |     8 ||    14
 Fire: Hunting sling     |    24 |    30 ||    54
 Cast: Magic Dart        |    10 |     6 ||    16
       Call Imp          |     2 |     6 ||     8
  Use: Potion            |       |     2 ||     2
 Stab: Sleeping          |     3 |       ||     3
  Eat: Chunk             |     2 |     3 ||     5
Armor: Robe              |    20 |     2 ||    22
Dodge: Dodged            |    49 |    31 ||    80
